 Dungeon Crawl Stone Soup version 0.23-a0-356-g1757c6e039 (webtiles) character file.

18613 Azzok the Geomancer (level 12, 0/72 HPs)
             Began as an Octopode Earth Elementalist on Oct 22, 2018.
             Was a High Priest of Vehumet.
             Slain by a dream sheep (10 damage)
             ... on level 4 of the Lair of Beasts.
             The game lasted 00:26:56 (22054 turns).

Azzok the Geomancer (Octopode Earth Elementalist)  Turns: 22054, Time: 00:26:57

Health: 0/72       AC:  1    Str:  8    XL:     12   Next: 60%
Magic:  18/26      EV: 15    Int: 21    God:    Vehumet [*****.]
Gold:   902        SH:  0    Dex: 13    Spells: 20/31 levels left

rFire    . . .     SeeInvis .   C - +4 scimitar (flame)
rCold    . . .     Gourm    .   (no shield)
rNeg     . . .     Faith    .   (helmet restricted)
rPois    .         Spirit   .   (no amulet)
rElec    .         Reflect  .   G - ring of protection from magic
rCorr    .         Harm     .   K - +2 ring of evasion
MR       +....                  (no ring)
Stlth    +++.......             (no ring)
HPRegen  0.22/turn              (no ring)
MPRegen  0.20/turn              (no ring)
                                (no ring)
                                (no ring)

@: no status effects
A: almost no armour, stealthy swim, amphibious, 8 rings, constrict 8, camouflage
1, gelatinous body 1
a: Renounce Religion


You were on level 4 of the Lair of Beasts.
You worshipped Vehumet.
Vehumet was extremely pleased with you.
You were not hungry.

You visited 3 branches of the dungeon, and saw 16 of its levels.
You also visited: Ossuary.

You collected 902 gold pieces.

Inventory:

Hand Weapons
 l - a +2 dagger of venom
 t - the cursed +1 dagger of Awkwardness {flame, MR+}
   (You found it on level 6 of the Dungeon)

   It has been specially enchanted to burn those struck by it, causing extra
   injury to most foes and up to half again as much damage against particularly
   susceptible opponents.
   It affects your resistance to hostile enchantments.
   It has a curse placed upon it.
 C - a +4 scimitar of flaming (weapon)
Missiles
 b - 109 stones (quivered)
Jewellery
 G - a ring of protection from magic (left tentacle)
 K - a +2 ring of evasion (right tentacle)
Wands
 g - a wand of flame (32)
 n - a wand of paralysis (26)
 o - a wand of disintegration (17)
 y - a wand of iceblast (21)
 B - a wand of scattershot (7)
 I - a wand of polymorph (17)
Scrolls
 a - 3 scrolls of magic mapping
 i - 5 scrolls of immolation
 k - a scroll of enchant weapon {unknown}
 m - 9 scrolls of teleportation
 p - 5 scrolls of remove curse
 s - 3 scrolls of amnesia
 v - a scroll of summoning
 x - 2 scrolls of blinking {unknown}
 E - a scroll of fog {unknown}
 F - 2 scrolls of vulnerability {unknown}
 H - a scroll of silence {unknown}
Potions
 d - 6 potions of curing
 e - a potion of agility
 f - a potion of haste
 h - 5 potions of heal wounds {unknown}
 j - 2 potions of brilliance {unknown}
 q - 2 potions of magic {unknown}
 r - a potion of berserk rage {unknown}
 u - 2 potions of lignification {unknown}
 w - 3 potions of flight {unknown}
 z - 2 potions of invisibility {unknown}
 A - 3 potions of degeneration {unknown}
 D - a potion of mutation {unknown}
 J - a potion of cancellation {unknown}
 L - a potion of might {unknown}
Miscellaneous
 M - a sack of spiders
Comestibles
 c - 23 rations
 N - 10 chunks of flesh


   Skills:
 + Level 2.7 Fighting
 - Level 2.0 Dodging
 - Level 2.6 Stealth
 - Level 10.0 Spellcasting
 + Level 11.8 Conjurations
   Level 1.0 Transmutations
 + Level 12.5 Earth Magic


You had 20 spell levels left.
You knew the following spells:

 Your Spells              Type           Power        Failure   Level  Hunger
a - Sandblast             Erth           ######       1%          1    None
b - Stone Arrow           Conj/Erth      ######       1%          3    None
c - Lee's Rapid Deconstr  Erth           ######....   1%          5    ####...
d - Blink                 Tloc           N/A          10%         2    None

Your spell library contained the following spells:

 Spells                   Type           Power        Failure   Level  Hunger
 Ozocubu's Refrigeration  Ice            ##........   90%         6    ######.
 Magic Dart               Conj           ####         1%          1    None
 Passwall                 Tmut/Erth      #####...     1%          2    None
 Conjure Flame            Conj/Fire      #####...     1%          3    None
 Mephitic Cloud           Conj/Pois/Air  ####....     1%          3    None
 Petrify                  Tmut/Erth      #####...     4%          4    ##.....
 Animate Skeleton         Necr           N/A          6%          1    None
 Apportation              Tloc           ##....       6%          1    None
 Confusing Touch          Hex            ##....       6%          1    None
 Pain                     Necr           ##..         6%          1    None
 Summon Small Mammal      Summ           ##..         6%          1    None
 Call Imp                 Summ           ##......     10%         2    None
 Poisonous Vapours        Pois/Air       ##....       10%         2    None
 Shroud of Golubria       Chrm/Tloc      ##........   10%         2    None
 Slow                     Hex            ##......     10%         2    None
 Gell's Gravitas          Tloc           ##........   19%         3    None
 Lesser Beckoning         Tloc           ##........   19%         3    None
 Regeneration             Chrm/Necr      ##........   19%         3    None
 Teleport Other           Tloc           ##......     19%         3    None
 Vampiric Draining        Necr           ##........   19%         3    None
 Freezing Cloud           Conj/Ice/Air   ####......   43%         6    ######.
 Animate Dead             Necr           N/A          54%         4    ##.....
 Passage of Golubria      Tloc           N/A          54%         4    ##.....
 Ring of Flames           Chrm/Fire      ##........   100%        7    #######


Dungeon Overview and Level Annotations

Branches:
Dungeon (11/15)            Temple (1/1) D:7            Lair (4/6) D:11
 Shoals (0/4) Lair:4        Snake (0/4) Lair:2          Orc (0/2) D:9

Altars:
Ashenzari
Dithmenos
Elyvilon
Fedhas
Gozag
Makhleb
Okawaru
Ru
Trog
Uskayaw
Vehumet
Wu Jian
Xom
Yredelemnul
Zin
The Shining One
Beogh

Annotations:
D:3 Terence
D:11 Snorg
Lair:1 3 runed doors, feta's ghost, journeyman FoFi
Lair:4 1 runed door, Ytylat's ghost, journeyman DDFi


Innate Abilities, Weirdness & Mutations

You cannot wear most types of armour.
You are very stealthy in the water. (Stealth+)
You are amphibious.
You can wear up to eight rings at the same time.
You can use your tentacles to constrict eight enemies at once.
Your skin changes colour to match your surroundings (Stealth+).
Your rubbery body absorbs attacks. (AC +1, EV +1)


Message History

Confirm with . or Enter, or press ? or * to list all spells.
Aiming: Sandblast (safe; 1% risk of failure)
Press: ? - help, Shift-Dir - straight line, f - dream sheep
Aim: a dream sheep The blast of sand hits the dream sheep.
The dream sheep is moderately wounded.
b - 110 stones The dream sheep barely misses you. x2
Casting: Sandblast (safe; 1% risk of failure)
Confirm with . or Enter, or press ? or * to list all spells.
Aiming: Sandblast (safe; 1% risk of failure)
Press: ? - help, Shift-Dir - straight line, f/p - dream sheep
Aim: a dream sheep (moderately wounded)
The blast of sand hits the dream sheep.
You kill the dream sheep!
Vehumet accepts your kill.
You feel your power returning.
b - 109 stones The dream sheep bites you!
You die...

··▒▒·············▒ ▒▒··▒
···▒·············▒▒···P▒▒▒≈♣P≈≈
·P······················♣≈≈P≈≈
·······················♣≈P≈≈≈≈
▒·····················≈P≈≈≈≈
▒·······÷······P·▒·▒P·P≈≈♣P≈
·▒·····PP······▒▒▒····▒·····
·····▒·▒··▒▒†··▒▒····▒··▒·····
·······▒·····†@················
·······[··P·YY†···········▒···♣
·········P▒··P▒PP▒▒·········▒··
·········▒▒Y·▒▒▒▒▒▒▒······÷····
········▒······ ▒··▒·▒·▒·····
·····Y·········▒ ▒▒·▒▒▒▒▒··▒··
·▒··············▒ ·▒··▒▒·······
Y··Y············ ····▒▒▒···)··
·············


You could see 3 dream sheep.

Vanquished Creatures
  Harold (Lair:1)
  Erica (D:8)
  2 oklob plants (Lair:1)
  Maurice (D:10)
  2 black mambas (Lair:2)
  6 spiny frogs
  A hornet (Lair:4)
  5 blink frogs
  3 hippogriffs
  4 dream sheep (Lair:4)
  A wyvern (D:8)
  A wraith (D:10)
  16 yaks
  A vampire (D:11)
  11 water moccasins
  A porcupine (Lair:3)
  3 ice beasts
  9 orc warriors
  5 sky beasts
  3 phantoms
  3 ogres
  7 wolves
  9 centaurs
  5 crocodiles
  2 big kobolds
  An elf zombie (Ossuary)
  9 bullfrogs
  2 gnoll sergeants
  A scorpion (D:8)
  11 killer bees
  3 electric eels
  3 howler monkeys
  A vampire bat (Lair:1)
  A centaur zombie (Ossuary)
  A bullfrog zombie (D:10)
  8 crimson imps
  11 orc priests
  2 jellies
  Crazy Yiuf (D:2)
  2 centaur skeletons (D:5)
  3 human zombies (Ossuary)
  3 hounds
  10 orc wizards
  2 bullfrog skeletons
  Jessica (D:2)
  3 iguanas
  5 worker ants
  A killer bee zombie (D:10)
  A hound skeleton (D:7)
  2 mummies (Ossuary)
  A howler monkey zombie (D:8)
  17 adders
  13 gnolls
  3 shadow imps
  An ooze (D:1)
  4 adder zombies
  An adder skeleton (D:6)
  2 worms
  6 leopard geckos
  55 orcs
  19 bats
  7 giant cockroaches
  8 goblins
  4 hobgoblins
  8 jackals
  18 kobolds
  A quokka (D:3)
  A ball python (D:5)
  3 frilled lizards
  A goblin zombie (Ossuary)
  9 hobgoblin zombies (Ossuary)
  A jackal skeleton (D:6)
  8 kobold zombies (Ossuary)
  10 orc zombies (Ossuary)
  5 rats
  2 rat zombies (Ossuary)
  A plant (Lair:1)
400 creatures vanquished.

Notes
Turn   | Place    | Note
-------+----------+-------------------------------------------
     0 | D:1      | Azzok the Octopode Earth Elementalist began the quest for
                  | the Orb.
     0 | D:1      | Reached XP level 1. HP: 11/11 MP: 3/3
   216 | D:1      | Reached XP level 2. HP: 17/17 MP: 0/5
   852 | D:1      | Reached skill level 4 in Earth Magic
   859 | D:1      | Reached XP level 3. HP: 6/21 MP: 1/6
   864 | D:1      | Learned a level 3 spell: Stone Arrow
  1265 | D:2      | Found a blossoming altar of Fedhas.
  1362 | D:2      | Found a shadowy altar of Dithmenos.
  1363 | D:2      | Found an iron altar of Okawaru.
  1366 | D:2      | Found a sacrificial altar of Ru.
  1548 | D:2      | Noticed Jessica
  1554 | D:2      | Killed Jessica
  1554 | D:2      | Reached skill level 1 in Conjurations
  1554 | D:2      | Reached XP level 4. HP: 11/27 MP: 7/7
  2117 | D:2      | Found a runed door.
  2121 | D:2      | Noticed Crazy Yiuf
  2125 | D:2      | Killed Crazy Yiuf
  2125 | D:2      | Reached skill level 5 in Earth Magic
  2125 | D:2      | Reached XP level 5. HP: 31/31 MP: 4/8
  2343 | D:3      | Noticed Terence
  2817 | D:3      | Reached XP level 6. HP: 17/36 MP: 9/9
  3340 | D:3      | Found a burning altar of Makhleb.
  3450 | D:3      | Found an opulent altar of Gozag.
  3451 | D:3      | Found a glowing silver altar of Zin.
  3704 | D:4      | Found a hide-covered altar of Uskayaw.
  3836 | D:4      | Found a white marble altar of Elyvilon.
  4347 | D:4      | Noticed a phantom
  4350 | D:4      | Killed a phantom
  4350 | D:4      | Reached skill level 6 in Earth Magic
  4350 | D:4      | Reached XP level 7. HP: 41/41 MP: 2/10
  4741 | D:5      | Entered Level 5 of the Dungeon
  5077 | D:5      | Reached skill level 5 in Conjurations
  5537 | D:5      | Reached XP level 8. HP: 46/46 MP: 4/12
  5771 | D:5      | Reached skill level 7 in Earth Magic
  7195 | D:6      | Found a shattered altar of Ashenzari.
  7463 | D:6      | Found a shadowy altar of Dithmenos.
  7465 | D:6      | Found a bloodstained altar of Trog.
  7471 | D:6      | Got a scorched dagger
  7959 | D:6      | Identified the cursed +1 dagger of Awkwardness {flame, MR+}
                  | (You found it on level 6 of the Dungeon)
  8255 | D:7      | Learned a level 5 spell: Lee's Rapid Deconstruction
  8542 | D:7      | Reached XP level 9. HP: 51/51 MP: 9/16
  8544 | D:7      | Reached skill level 8 in Earth Magic
  8828 | D:7      | Reached skill level 5 in Spellcasting
  8990 | D:7      | Found a staircase to the Ecumenical Temple.
  9045 | Temple   | Entered the Ecumenical Temple
  9083 | Temple   | Became a worshipper of Vehumet
 10421 | D:8      | Found a sand-covered staircase.
 10510 | Ossuary  | Entered an ossuary
 10575 | Ossuary  | Reached * piety under Vehumet
 10575 | Ossuary  | Offered knowledge of Freeze by Vehumet.
 10807 | Ossuary  | Reached ** piety under Vehumet
 10807 | Ossuary  | Offered knowledge of Flame Tongue by Vehumet.
 11185 | D:8      | Reached skill level 9 in Earth Magic
 11407 | D:8      | Noticed Erica
 11411 | D:8      | Killed Erica
 11411 | D:8      | Reached XP level 10. HP: 56/56 MP: 4/20
 12213 | D:8      | Found a shimmering altar of Xom.
 12815 | D:9      | Offered knowledge of Ignite Poison by Vehumet.
 12820 | D:9      | Reached skill level 10 in Earth Magic
 13234 | D:9      | Reached *** piety under Vehumet
 13595 | D:9      | Found a roughly hewn altar of Beogh.
 13595 | D:9      | Found a staircase to the Orcish Mines.
 13850 | D:9      | Offered knowledge of Airstrike by Vehumet.
 14119 | D:10     | Entered Level 10 of the Dungeon
 14243 | D:10     | Noticed Maurice
 14250 | D:10     | Killed Maurice
 14481 | D:10     | Reached XP level 11. HP: 54/61 MP: 14/23
 14764 | D:10     | Reached skill level 10 in Conjurations
 15064 | D:10     | Reached **** piety under Vehumet
 15598 | D:11     | Noticed Snorg
 15691 | D:11     | Reached skill level 11 in Earth Magic
 15874 | D:11     | Offered knowledge of Yara's Violent Unravelling by Vehumet.
 16425 | D:11     | Found a staircase to the Lair.
 16433 | Lair:1   | Entered Level 1 of the Lair of Beasts
 16675 | Lair:1   | Noticed an oklob plant
 16675 | Lair:1   | Noticed an oklob plant
 17347 | Lair:1   | Noticed Harold
 17361 | Lair:1   | Killed Harold
 17560 | Lair:1   | Found a runed gate.
 17560 | Lair:1   | Found a runed gate.
 17563 | Lair:1   | Found a runed gate.
 17634 | Lair:1   | Noticed feta's ghost (journeyman FoFi)
 18039 | Lair:1   | Killed an oklob plant
 18309 | Lair:1   | Killed an oklob plant
 18870 | Lair:2   | Reached XP level 12. HP: 66/66 MP: 17/25
 19395 | Lair:2   | Reached skill level 12 in Earth Magic
 19866 | Lair:2   | Found a staircase to the Snake Pit.
 19917 | Lair:2   | Found a glowing golden altar of the Shining One.
 20055 | Lair:2   | Reached skill level 10 in Spellcasting
 20580 | Lair:2   | Learned a level 2 spell: Blink
 21286 | Lair:4   | Found a runed door.
 21286 | Lair:4   | Noticed Ytylat's ghost (journeyman DDFi)
 21475 | Lair:3   | Reached skill level 1 in Fighting
 21816 | Lair:4   | Found a staircase to the Shoals.
 21983 | Lair:4   | Reached ***** piety under Vehumet
 22052 | Lair:4   | Offered knowledge of Ozocubu's Refrigeration by Vehumet.
 22054 | Lair:4   | Slain by a dream sheep

Vault maps used:
D:1:      nagdon_arrival_zigzag_paths
D:2:      chequers_temple_overflow_statue_of_worship, lemuel_doored_altar,
          first_ration, chequers_serial_rivers_room_b, uniq_crazy_yiuf_cottage,
          uniq_jessica
D:3:      grunt_temple_overflow_gold_and_silver, makhleb_grotto_becter,
          grunt_ministairs_2, uniq_terence
D:4:      nicolae_overflow_crystal_walls, glass_columns_b, elyvilon_altar_3
D:6:      kennysheep_mini_moat, bloody_trog, grunt_dithmenos_smoke_and_mirrors
D:7:      minmay_temple_entry_glassed_door
D:8:      lemuel_round_altar, nicolae_ossuary_entry_monument, uniq_erica
D:9:      david_orc_5
D:10:     uniq_maurice
D:11:     lair_entry_dummy, uniq_snorg
Temple:   bh_familiar_temple
Lair:1:   gammafunk_ghost_icy, nicolae_quartered_pool_super, minmay_holes,
          roderic_batcave, chequers_serial_rivers_small_3,
          minmay_lair_oklob_chamber, uniq_harold
Lair:2:   minmay_snake_entry_six_corridors, basic_altar, grunt_megastairs_5,
          infiniplex_staircase_pool
Lair:4:   minmay_shoals_entry_centaurs, ebering_ghost_inner_flame, st_stairs_4,
          serial_bayou_ford_a, serial_bayou_shore_b
Ossuary:  ossuary_tomb_1

Skill      XL: |  1  2  3  4  5  6  7  8  9 10 11 12 |
---------------+-------------------------------------+-----
Earth Magic    | 4 5 6 7 9 10 11 12 | 12.5
Conjurations   | 1 2 3 4 5 6 8 9 11 | 11.8
Spellcasting   | 3 4 6 8 9 10 | 10.0
Fighting       | 2 |  2.7
Dodging        | |  2.0
Stealth        | |  2.6
Transmutations | |  1.0

Action                   |  1- 3 |  4- 6 |  7- 9 | 10-12 || total
-------------------------+-------+-------+-------+-------++-------
Melee: Short sword       |    44 |       |       |       ||    44
       Constrict         |    19 |    18 |     9 |     9 ||    55
       Tentacles         |     8 |     5 |     5 |    10 ||    28
       Dagger            |    21 |    67 |    39 |    11 ||   138
       Scimitar          |       |       |       |     6 ||     6
 Cast: Sandblast         |    15 |    15 |    89 |    82 ||   201
       Stone Arrow       |       |    15 |   130 |   311 ||   456
       Lee's Rapid Decon |       |       |     2 |    14 ||    16
  Use: Scroll            |       |       |     4 |     6 ||    10
 Stab: Sleeping          |     2 |    10 |     1 |       ||    13
  Eat: Chunk             |     2 |    11 |    19 |    30 ||    62
       Ration            |       |       |     3 |     2 ||     5
Armor: Skin              |    11 |     3 |     5 |     7 ||    26
Dodge: Dodged            |    52 |    51 |    59 |   106 ||   268
       Rpst.: Scimitar   |       |       |       |    15 ||    15

Table legend:
 A = Non-vault XP
 B = Vault XP
 C = Vault XP percentage of total XP
 D = Non-vault monster count
 E = Vault monster count
 F = Vault count percentage of total count
                 A         B        C        D         E       F
            +---------+---------+-------+---------+---------+-------
      Total |   19906 |    6685 |  25.1 |     307 |      92 |  23.1
            +---------+---------+-------+---------+---------+-------
        D:1 |      36 |       0 |   0.0 |      18 |       0 |   0.0
        D:2 |     102 |      79 |  43.6 |      22 |       2 |   8.3
        D:3 |     171 |      50 |  22.6 |      26 |       3 |  10.3
        D:4 |     242 |       0 |   0.0 |      11 |       0 |   0.0
        D:5 |     838 |       0 |   0.0 |      25 |       0 |   0.0
        D:6 |     503 |       0 |   0.0 |      16 |       0 |   0.0
        D:7 |    1465 |       0 |   0.0 |      37 |       0 |   0.0
        D:8 |     957 |     934 |  49.4 |      24 |       1 |   4.0
        D:9 |    1910 |     775 |  28.9 |      23 |      21 |  47.7
       D:10 |    2660 |     439 |  14.2 |      27 |       1 |   3.6
       D:11 |    1668 |       0 |   0.0 |      32 |       0 |   0.0
     Lair:1 |    2106 |    2127 |  50.2 |      11 |      12 |  52.2
     Lair:2 |    2926 |    1704 |  36.8 |      16 |      12 |  42.9
     Lair:3 |     951 |     118 |  11.0 |       4 |       1 |  20.0
     Lair:4 |    3371 |     108 |   3.1 |      15 |       1 |   6.2
    Ossuary |       0 |     351 | 100.0 |       0 |      38 | 100.0
            +---------+---------+-------+---------+---------+-------
